 Dungeon Crawl Stone Soup version 0.29.1-1-gd02db6906a (webtiles) character file.

Game seed: 12218283997183783550

104 Zeld the Chopper (level 4, -1/61 HPs)
             Began as a Minotaur Berserker on Oct 15, 2022.
             Was a Believer of Trog.
             Killed from afar by an orc wizard (6 damage)
             ... with a puff of flame
             ... on level 3 of the Dungeon.
             The game lasted 00:02:14 (2271 turns).

Zeld the Chopper (Minotaur Berserker)               Turns: 2271, Time: 00:02:14

Health: -1/61      AC:  2    Str: 23    XL:     4   Next: 52%
Magic:  3/3        EV: 12    Int:  4    God:    Trog [**....]
Gold:   14         SH:  0    Dex: 10    Spells: 3/3 levels left

rFire   . . .      SeeInvis .   a - +0 hand axe
rCold   . . .      Faith    .   (no shield)
rNeg    . . .      Spirit   .   b - +0 animal skin
rPois   .          Reflect  .   (helmet restricted)
rElec   .          Harm     .   (no cloak)
rCorr   .          Rampage  .   (no gloves)
Will    .....                   (no boots)
Stlth   ..........              (no amulet)
HPRegen 0.20/turn               (no ring)
MPRegen 0.08/turn               (no ring)

@: berserking, very quick
A: horns 2, retaliatory headbutt
a: Renounce Religion, Berserk, Trog's Hand


You were on level 3 of the Dungeon.
You worshipped Trog.
Trog was pleased with you.
You visited 1 branch of the dungeon, and saw 3 of its levels.

You collected 65 gold pieces.
You spent 51 gold pieces at shops.

Inventory:

Hand Weapons
 a - a +0 hand axe (weapon)
Armour
 b - a +0 animal skin (worn)
Scrolls
 d - 3 scrolls of teleportation {unknown}
 f - a scroll of torment {unknown}
 g - 2 scrolls of enchant weapon {unknown}
 h - 2 scrolls of silence {unknown}
 k - a scroll of immolation {unknown}
 m - a scroll of amnesia {unknown}
 o - a scroll of butterflies {unknown}
 p - a scroll of summoning {unknown}
Potions
 c - 3 potions of curing {unknown}
 e - a potion of brilliance {unknown}
 i - a potion of might {unknown}
 j - 2 potions of lignification {unknown}
 l - a potion of flight {unknown}
 n - a potion of resistance {unknown}


   Skills:
 + Level 4.3 Fighting
 * Level 5.0 Axes
 + Level 3.3 Armour
 + Level 3.0 Dodging


You had 3 spell levels left.
You didn't know any spells.
Your spell library was empty.

Dungeon Overview and Level Annotations

Branches:
Dungeon (3/15)

Altars:

Shops:
D:1 [   D:3 *

Annotations:
D:3 1 transporter


Innate Abilities, Weirdness & Mutations

You have a pair of horns on your head.
You reflexively headbutt those who attack you in melee.


Message History

The quokka twitches its whiskers.
The quokka misses you. Something hits you.
You miss something. You closely miss the quokka.
A bat comes into view.
The quokka bites you but does no damage.
You hear some strange, mumbled words.
A magic dart appears from out of thin air!
The magic dart hits you!
* * * LOW HITPOINT WARNING * * *
A red film seems to cover your vision as you go berserk!
You feel yourself moving faster!
You feel mighty! The quokka bites you.
* * * LOW HITPOINT WARNING * * *
Something hits you.
* * * LOW HITPOINT WARNING * * *
The quokka bites you.
* * * LOW HITPOINT WARNING * * *
You hit something. You barely miss the quokka.
Unknown command.
You barely miss something. You barely miss the quokka.
The bat hits you but does no damage. The quokka closely misses you.
Something hits you.
* * * LOW HITPOINT WARNING * * *
Unknown command.
You closely miss something. Your headbutt misses something. You hit the bat.
You kill the bat!
Trog accepts your kill.
You hit the quokka.
You kill the quokka!
Trog accepts your kill. The bat closely misses you. You furiously retaliate!
You headbutt the bat!
You kill the bat!
Trog accepts your kill. Something hits you.
* * * LOW HITPOINT WARNING * * *
Your Axes skill increases to level 5!
You barely miss something.
You hear some strange, mumbled words.
A puff of flame appears from out of thin air!
The puff of flame hits you.
You die...

#.... #.#.#
..##....## # #.#.#
#.##.....## #
#.#.# #..........
#.#.# #..#.....#
#.#.# #..#[....
#...###..#... ..
#.∩..##..#†##.##..
..
#..#.)....@†......
.#
##....#..#{†#.####
####.#..#.#..#
#)#...###....
#.####.#.>### #.#
..#.# # #.# ... ..
##.## .....
#...####.#.#


There were no monsters in sight!

Vanquished Creatures
  An orc priest (D:3)
  2 adders
  2 dart slugs (D:1)
  5 orcs (D:3)
  4 endoplasms
  3 giant cockroaches
  4 goblins
  3 hobgoblins (D:1)
  4 jackals (D:1)
  3 quokkas
  6 bats
  A frilled lizard (D:3)
  4 kobolds
  4 rats
  A spectral hobgoblin (D:2)
47 creatures vanquished.

Vanquished Creatures (others)
  3 plants (D:3)
3 creatures vanquished.

Grand Total: 50 creatures vanquished

Notes
Turn   | Place    | Note
-------+----------+-------------------------------------------
     0 | D:1      | Zeld the Minotaur Berserker began the quest for the Orb.
     0 | D:1      | Reached XP level 1. HP: 19/19 MP: 0/0
    63 | D:1      | Reached XP level 2. HP: 20/27 MP: 1/1
   406 | D:1      | Reached skill level 4 in Axes
   684 | D:1      | Found Hatwit's Antique Armour Boutique.
   688 | D:1      | Reached XP level 3. HP: 31/33 MP: 2/2
   694 | D:1      | Reached ** piety under Trog
  1042 | D:2      | Found a faded altar of an unknown god.
  1769 | D:3      | Reached XP level 4. HP: 10/40 MP: 3/3
  2108 | D:3      | Found a transporter.
  2223 | D:3      | Found Teson's Assorted Antiques.
  2250 | D:3      | Bought a fuming amethyst potion for 24 gold pieces
  2250 | D:3      | Bought a scroll labelled CADOIPROMU for 27 gold pieces
  2271 | D:3      | Reached skill level 5 in Axes
  2271 | D:3      | Killed from afar by an orc wizard

Illustrated notes

Levels and vault maps discovered:
D:1:      minmay_arrival_open_corners, layout_rooms, serial_shops, shop
D:2:      layout_rooms, dreamdust_ecumenical_altar_drowned_temple,
          lightli_corner_chamber
D:3:      layout_loops_ring, serial_shops, shop, gammafunk_ghost_gnarly_gnolls

Skill      XL: |  1  2  3  4 |
---------------+-------------+-----
Axes           | 4 5 |  5.0
Fighting       | 4 |  4.3
Armour         | 3 |  3.3
Dodging        | 3 |  3.0

Action                   |  1- 3 |  4- 6 || total
-------------------------+-------+-------++-------
Melee: Hand axe          |    80 |    22 ||   102
       Headbutt          |     7 |     3 ||    10
Invok: Berserk           |     1 |     1 ||     2
 Stab: Sleeping          |       |     1 ||     1
Armor: Animal skin       |    11 |     5 ||    16
Dodge: Dodged            |    55 |    14 ||    69
